Unix NetHack Version 3.7.0-97 Work-in-progress - last build Feb 9 2024 02:06:40 (6d6cdf8371b60126770a3d7b88910941cb14a054,branch:master). Game began 2024-02-25 12:05:08, ended 2024-02-25 12:20:49. Cloudmillion, lawful female human Valkyrie ----------- |.!m?!/!*]| ------ #-.@?d/*.??| |....| ---------- #|@:/%!?)..| |.(..| |........-# ####----------- |....| |..<.....|# ### |..>.| #....)....|# ## |.....0 #----------# # # --|--- # ## ##----------# # ## ## #.........|# #### # # #|.%.)....|# # # # ###|........-# -----|------### #----------- # ---------- |..........|# #-.........| # |...........# |...{......##### |..........| |.........| ------------ ----------- Cloudmillion the Stripling St:17 Dx:14 Co:17 In:9 Wi:9 Ch:9 Lawful Dlvl:4 $:63 HP:0(21) Pw:3(3) AC:5 Xp:2 T:1174 Latest messages: You see here a scroll labeled ANDOVA BEGARIN (for sale, 133 zorkmids). You stop. Jupiter is in the way! You see here a scroll labeled HAPAX LEGOMENON (for sale, 133 zorkmids). You see here a scroll labeled DAIYEN FOOELS (for sale, 27 zorkmids). "For you, most gracious lady; only 27 zorkmids for this scroll labeled DAIYEN FOOELS." x - a scroll labeled DAIYEN FOOELS (unpaid, 27 zorkmids). A scroll labeled DAIYEN FOOELS for 27 zorkmids. Pay? [yn] (n) y You bought a scroll labeled DAIYEN FOOELS for 27 gold pieces. "Thank you for shopping in Aklavik's general store!" What do you want to name? [a-km-x or ?*] x What do you want to name this scroll labeled DAIYEN FOOELS? identify What do you want to read? [f-hjkmpsx or ?*] m As you read the scroll, it disappears. This is an identify scroll. v - an uncursed amulet versus poison. n - an uncursed oil lamp (lit). What do you want to put on? [v or ?*] v v - an uncursed amulet versus poison (being worn). You see here a bow (for sale, 80 zorkmids). You see here a scroll labeled STRC PRST SKRZ KRK (for sale, 533 zorkmids). You see here a magenta potion (for sale, 36 zorkmids). You see here a tin (for sale, 7 zorkmids). Jupiter drops a violet gem. You see here a crystal wand (for sale, 200 zorkmids). You see here a splint mail (for sale, 107 zorkmids). Jupiter picks up a scroll labeled HAPAX LEGOMENON. Wait! That's a giant mimic! What do you want to read? [f-hjkpsx or ?*] p As you read the scroll, it disappears. A gecko suddenly appears next to you! What do you want to read? [f-hjksx or ?*] k As you read the scroll, it disappears. Your hands begin to glow red. Call a scroll labeled EIRIS SAZUN IDISI: confuse monster The gecko bites! You miss the giant mimic. You hit the giant mimic. Your hands no longer glow so brightly red. The giant mimic appears confused. The gecko misses! Jupiter drops a scroll labeled HAPAX LEGOMENON. The giant mimic hits! The giant mimic hits again! You die... Aklavik gratefully inherits all your possessions. Do you want to see what you had when you died? [ynq] (y) y Do you want to see your attributes? [ynq] (y) y Do you want an account of creatures vanquished? [ynaq] (y) y Do you want to see your conduct and achievements? [ynq] (y) y Do you want to see the dungeon overview? [ynq] (y) y Inventory: Coins $ - 63 gold pieces Amulets v - an uncursed amulet versus poison (being worn) Weapons b - a +0 dagger a - a +1 spear (weapon in right hand) Armor e - an uncursed +0 orcish helm (being worn) c - an uncursed +3 small shield (being worn) Comestibles d - 3 uncursed food rations Scrolls f - an uncursed scroll of enchant armor g - a cursed scroll of enchant weapon x - a blessed scroll of identify named identify Spellbooks j - an uncursed spellbook of detect monsters s - an uncursed spellbook of detect monsters h - a cursed spellbook of healing Potions t - an uncursed potion of extra healing o - an uncursed potion of healing r - an uncursed potion of paralysis w - a blessed potion of polymorph u - an uncursed potion of speed Wands i - a wand of digging (0:3) Tools n - an uncursed oil lamp (lit) q - an uncursed skeleton key Cloudmillion the Valkyrie's attributes: Background: You were a Stripling, a level 2 human Valkyrie. You were lawful, on a mission for Tyr who was opposed by Odin (neutral) and Loki (chaotic). You were right-handed. You were in the Dungeons of Doom, on level 4. You entered the dungeon 1174 turns ago. There was a full moon in effect when your adventure ended. You had 39 experience points, 1 more was needed to attain level 3. Basics: You had 0 out of 21 hit points. You had all 3 energy points (spell power). Your armor class was 5. Your wallet contained 63 zorkmids. Autopickup was off. Final Characteristics: Your strength was 17 (limit:18/100). Your dexterity was 14 (limit:18). Your constitution was 17 (limit:18). Your intelligence was 9 (limit:18). Your wisdom was 9 (limit:18). Your charisma was 9 (limit:18). Final Status: You were held by a giant mimic (northeast). You weren't hungry. You were unencumbered. You were wielding a spear. You had basic skill with spear. Final Attributes: You were devoutly aligned. You were cold resistant. You were poison resistant. You would have confused monsters when hitting them. You were lucky. You are dead. Miscellaneous: You never encountered a bones level. Total elapsed playing time was 7 minutes and 55 seconds. Major events: Turn 1: Cloudmillion the lawful human Valkyrie entered the dungeon 339: entered the Gnomish Mines 1174: killed by a giant mimic Vanquished creatures: a homunculus an iguana an acid blob a gas spore a giant rat a yellow mold a green mold a red mold a gecko 2 jackals a goblin a grid bug a lichen a kobold zombie 2 newts 17 creatures vanquished. No species were genocided or became extinct. Voluntary challenges: You followed a strict vegan diet. You read items or engraved 4 times. You never engraved Elbereth. You never genocided any monsters. You never polymorphed an object. You never changed form. You used no wishes. Achievements: You entered the Gnomish Mines. You entered a shop. The Dungeons of Doom: levels 1 to 5 Level 1: Level 2: An altar, a fountain, a sink. Stairs down to The Gnomish Mines. Level 3: An altar. Level 4: <- You were here. A general store, a sink. Final resting place for you, killed by a giant mimic. Level 5: The Gnomish Mines: Level 3: Game over: ---------- / \ / REST \ / IN \ / PEACE \ / \ | Cloudmillion | | 63 Au | | killed by a | | giant mimic | | | | | | 2024 | *| * * * | * _________)/\\_//(\/(/\)/\//\/|_)_______ Farvel Cloudmillion the Valkyrie... You died in The Dungeons of Doom on dungeon level 4 with 443 points, and 63 pieces of gold, after 1174 moves. You were level 2 with a maximum of 21 hit points when you died.